 Dungeon Crawl Stone Soup version 0.22.0-6-g71bd7aa (webtiles) character file.

203 digijack the Chucker (level 5, 0/45 HPs)
             Began as a Centaur Hunter on Aug 15, 2018.
             Was an Initiate of Okawaru.
             Slain by a goblin (1 damage)
             ... led by Robin
             ... on level 2 of the Dungeon.
             The game lasted 00:16:01 (2238 turns).

digijack the Chucker (Centaur Hunter)               Turns: 2238, Time: 00:16:01

Health: 0/45       AC:  4    Str: 15    XL:     5   Next: 51%
Magic:  5/5        EV: 10    Int: 10    God:    Okawaru [......]
Gold:   37         SH:  0    Dex: 10    Spells: 4/4 levels left

rFire    . . .     SeeInvis .   c - -1 shortbow (curse)
rCold    . . .     Gourm    .   (shield currently unavailable)
rNeg     . . .     Faith    .   b - +0 leather armour
rPois    .         Spirit   .   (no helmet)
rElec    .         Reflect  .   (no cloak)
rCorr    .         Harm     .   (no gloves)
MR       .....                  (no barding)
Stlth    +.........             (no amulet)
HPRegen  0.15/turn              (no ring)
MPRegen  0.09/turn              (no ring)

@: very quick
A: large, hooves 3, deformed body, speed 2, tough skin 3
a: Renounce Religion


You were on level 2 of the Dungeon.
You worshipped Okawaru.
Okawaru was noncommittal.
You were not hungry.

You visited 1 branch of the dungeon, and saw 2 of its levels.

You collected 37 gold pieces.

Inventory:

Hand Weapons
 a - a +0 short sword
 c - a cursed -1 shortbow (weapon)
Missiles
 e - 71 stones
 h - 14 arrows (quivered)
Armour
 b - a +0 leather armour (worn)
Comestibles
 f - 6 rations
 i - 2 chunks of flesh


   Skills:
 + Level 3.1 Fighting
 + Level 1.5 Short Blades
 + Level 5.2 Throwing
 + Level 2.3 Dodging
 + Level 1.6 Stealth


You had 4 spell levels left.
You didn't know any spells.
Your spell library was empty.

Dungeon Overview and Level Annotations

Branches:
Dungeon (2/15)

Altars:
Cheibriados
Okawaru


Innate Abilities, Weirdness & Mutations

You have hooves in place of feet.
Armour fits poorly on your strangely shaped body.
You cover ground very quickly.
You have extremely tough skin. (AC +3)


Message History

The goblin hits you with a dagger.
* * * LOW HITPOINT WARNING * * *
The hobgoblin hits you.
* * * LOW HITPOINT WARNING * * *
The rat bites you but does no damage. The rat barely misses you.
The goblin hits you but does no damage. The goblin misses you.
The goblin closely misses you.
You aren't carrying any potions.
Firing (i - inventory. (/) - cycle)
h - 15 arrows (quivered)
Press: ? - help, Shift-Dir - straight line, f - rat
Aim: a rat You shoot an arrow.
The arrow barely misses the rat.
The goblin misses you. The hobgoblin barely misses you.
The hobgoblin hits you but does no damage.
The rat bites you.
* * * LOW HITPOINT WARNING * * *
The rat barely misses you. The goblin hits you.
* * * LOW HITPOINT WARNING * * *
The goblin hits you.
You die...

.. ........( ....###.###........
.... ....##.....(.. #..
#>........... #..###..........%.
#.........g.......
#...._...grg......
#.......gg@gg.....
########....8.rgg.(....
##............(.gg.##.##
..............._.......
#......................
#.......................
#.......................
.........(..............
#.........................######


You could see 4 hobgoblins, 7 goblins and 2 rats.

Vanquished Creatures
  A centaur (D:2)
  Natasha (D:1)
  Terence (D:1)
  Robin (D:2)
  An adder (D:1)
  An ooze (D:2)
  3 dart slugs (D:1)
  2 leopard geckos
  An orc (D:1)
  A ball python (D:2)
  3 giant cockroaches
  7 goblins
  4 hobgoblins
  2 jackals (D:1)
  6 bats
  3 frilled lizards (D:1)
  3 kobolds
  7 rats
48 creatures vanquished.

Notes
Turn   | Place    | Note
-------+----------+-------------------------------------------
     0 | D:1      | digijack the Centaur Hunter began the quest for the Orb.
     0 | D:1      | Reached XP level 1. HP: 17/17 MP: 1/1
   192 | D:1      | Reached XP level 2. HP: 22/24 MP: 2/2
   719 | D:1      | Reached skill level 1 in Stealth
  1040 | D:1      | Reached XP level 3. HP: 30/30 MP: 3/3
  1413 | D:2      | Noticed Terence
  1415 | D:2      | Noticed Natasha
  1431 | D:1      | Killed Natasha
  1431 | D:1      | Reached XP level 4. HP: 6/37 MP: 4/4
  1743 | D:1      | Killed Terence
  1899 | D:2      | Reached skill level 1 in Short Blades
  1961 | D:2      | Reached skill level 5 in Throwing
  1963 | D:2      | Noticed a centaur
  1990 | D:2      | Killed a centaur
  1990 | D:2      | Reached XP level 5. HP: 18/45 MP: 5/5
  2213 | D:2      | Found a snail-covered altar of Cheibriados.
  2217 | D:2      | Found an iron altar of Okawaru.
  2224 | D:2      | Noticed Robin
  2225 | D:2      | Became a worshipper of Warmaster Okawaru
  2237 | D:2      | Killed Robin
  2238 | D:2      | HP: 1/45 [goblin[Robin] (2)]
  2238 | D:2      | Slain by a goblin

Skill      XL: |  1  2  3  4 |
---------------+-------------+-----
Stealth        | 1 |  1.6
Dodging        | 2 |  2.3
Short Blades   | 1 |  1.5
Throwing       | 5 |  5.2
Fighting       | 3 |  3.1

Action                   |  1- 3 |  4- 6 || total
-------------------------+-------+-------++-------
Melee: Short sword       |    43 |    16 ||    59
       Kick              |     8 |     5 ||    13
 Fire: Shortbow          |       |    14 ||    14
Throw: Javelin           |    58 |    15 ||    73
       Throwing net      |     9 |       ||     9
       Stone             |    11 |    29 ||    40
       Tomahawk          |       |     6 ||     6
  Use: Potion            |     2 |     1 ||     3
       Scroll            |       |     2 ||     2
 Stab: Held in net/web   |     2 |       ||     2
       Invisible         |     1 |       ||     1
  Eat: Chunk             |     1 |     2 ||     3
Armor: Leather armour    |    25 |    32 ||    57
Dodge: Dodged            |    41 |    80 ||   121
